 Dungeon Crawl Stone Soup version 0.19-a0-1821-g42c593c (webtiles) character file.

135 Akrius the Slasher (level 4, -5/34 HPs)
             Began as a Demonspawn Gladiator on Oct 6, 2016.
             Was an Initiate of Makhleb.
             Slain by a gnoll
             ... wielding a +0 club
              (6 damage)
             ... on level 3 of the Dungeon.
             The game lasted 00:05:16 (3211 turns).

Akrius the Slasher (Demonspawn Gladiator)           Turns: 3211, Time: 00:05:16

Health: -5/34      AC:  4    Str: 15    XL:     4   Next: 96%
Magic:  4/4        EV: 13    Int: 11    God:    Makhleb [......]
Gold:   26         SH:  0    Dex: 13    Spells: 0 memorised, 3 levels left

rFire  + . .     SeeInvis .     a - +1 long sword
rCold  . . .     Gourm    .     b - +0 leather armour
rNeg   . . .     Faith    .     (no shield)
rPois  .         Spirit   .     c - +0 helmet
rElec  .         Dismiss  .     (no cloak)
rCorr  .         Reflect  .     (no gloves)
MR     .....     Harm     .     (no boots)
Stlth  +.........               (no amulet)
                                (no ring)
                                (no ring)

@: no status effects
A: claws 1, fire resistance 1
a: Renounce Religion


You were on level 3 of the Dungeon.
You worshipped Makhleb.
Makhleb was noncommittal.
You were near starving.

You visited 1 branch of the dungeon, and saw 3 of its levels.

You collected 26 gold pieces.

Inventory:

Hand Weapons
 a - a +1 long sword (weapon)
Missiles
 d - a throwing net (quivered)
Armour
 b - a +0 leather armour (worn)
 c - a +0 helmet (worn)
Scrolls
 g - a scroll of fog {unknown}
 j - a scroll of immolation
 k - a scroll of magic mapping


   Skills:
 + Level 2.8 Fighting
 * Level 4.1 Long Blades
 - Level 1.7 Throwing
 + Level 3.4 Dodging
 + Level 1.1 Invocations


You had 3 spell levels left.
You didn't know any spells.

Dungeon Overview and Level Annotations

Branches:
Dungeon (3/15)

Altars:
Cheibriados
Makhleb
Ru


Innate Abilities, Weirdness & Mutations

You have sharp fingernails.
Your flesh is heat resistant. (rF+)


Message History

You hit the gnoll.
The gnoll is severely wounded.
The gnoll struggles against the net.
The net rips apart, and the gnoll comes free!
You hit the gnoll.
The gnoll is almost dead.
The gnoll misses you.
You hit the gnoll but do no damage.
The gnoll is almost dead.
The gnoll hits you but does no damage.
You hit the gnoll.
You kill the gnoll!
Makhleb accepts your kill. The gnoll barely misses you.
You completely miss the gnoll. The gnoll hits you with a club!
* * * LOW HITPOINT WARNING * * *
You hit the gnoll.
The gnoll is lightly wounded.
The gnoll hits you with a club.
You die...

....#
########.#.#.#
#....<.......#
#.######.#.###
#.#
#.########.#
#g...).....#
########.#g#
#.#@# #.#.#
#.#.# #.#.#
#.#.[ #.#.#
#.# #.# #.#


You could see a gnoll.

Vanquished Creatures
  A hound (D:2)
  2 adders (D:2)
  3 gnolls (D:3)
  A worm (D:2)
  3 dart slugs
  A leopard gecko (D:1)
  3 giant cockroaches
  6 goblins
  3 hobgoblins
  9 jackals
  A bat (D:2)
  A frilled lizard (D:1)
  5 kobolds
  6 rats
45 creatures vanquished.

Notes
Turn   | Place    | Note
-------+----------+-------------------------------------------
     0 | D:1      | Akrius the Demonspawn Gladiator began the quest for the Orb.
     0 | D:1      | Reached XP level 1. HP: 16/16 MP: 1/1
   384 | D:1      | Gained mutation: You have sharp fingernails. [demonic ancestry]
   384 | D:1      | Reached XP level 2. HP: 22/22 MP: 2/2
   414 | D:1      | Reached skill level 3 in Long Blades
  1118 | D:2      | Reached XP level 3. HP: 26/27 MP: 3/3
  1505 | D:2      | Found a burning altar of Makhleb.
  1537 | D:2      | Gained mutation: Your flesh is heat resistant. (rF+) [demonic ancestry]
  1537 | D:2      | Reached XP level 4. HP: 14/34 MP: 4/4
  1601 | D:2      | Became a worshipper of Makhleb the Destroyer
  1784 | D:2      | Found a snail-covered altar of Cheibriados.
  2816 | D:2      | Found a sacrificial altar of Ru.
  3142 | D:3      | Reached skill level 4 in Long Blades
  3148 | D:3      | Reached skill level 1 in Invocations
  3210 | D:3      | HP: 1/34 [gnoll/club (7)]
  3211 | D:3      | Slain by a gnoll

Vault maps used:
D:1:      dpeg_arrival_water_fire
D:2:      kennysheep_slug_shrine, lemuel_doored_altar, grunt_decor_one_mirror,
          makhleb_heckhound_becter
D:3:      first_bread

Skill      XL: |  1  2  3  4 |
---------------+-------------+-----
Long Blades    | 3 4 |  4.1
Dodging        | 3 |  3.4
Invocations    | 1 |  1.1
Fighting       | |  2.8
Throwing       | |  1.7

Action                   |  1- 3 |  4- 6 || total
-------------------------+-------+-------++-------
Melee: Short sword       |   199 |   146 ||   345
       Long sword        |    11 |    26 ||    37
Throw: Throwing net      |       |     2 ||     2
  Use: Scroll            |     4 |     1 ||     5
       Potion            |       |     5 ||     5
 Stab: Held in net/web   |       |     1 ||     1
  Eat: Chunk             |     1 |       ||     1
       Bread ration      |       |     1 ||     1
       Fruit             |       |     1 ||     1
Armor: Leather armour    |    52 |    30 ||    82
       Skin              |       |    62 ||    62
Dodge: Dodged            |   146 |    99 ||   245
       Rpst.: Long sword |     4 |     6 ||    10
